 Dungeon Crawl Stone Soup version 0.18.1-48-g4cf74bf (webtiles) character file.

84 Nahar the Conjurer (level 4, -8/24 HPs)
             Began as a Deep Elf Conjurer on Aug 15, 2016.
             Mangled by Natasha (9 damage)
             ... on level 3 of the Dungeon.
             The game lasted 00:09:12 (1661 turns).

Nahar the Conjurer (Deep Elf Conjurer)              Turns: 1661, Time: 00:09:13

Health: -8/24      AC:  2    Str:  5    XL:     4   Next: 24%
Magic:  7/12       EV: 13    Int: 21    God:
Gold:   62         SH:  0    Dex: 15    Spells: 1 memorised, 10 levels left

rFire  . . .     SeeInvis .     (no weapon)
rCold  . . .     Gourm    .     a - +0 robe
rNeg   . . .     Faith    .     (no shield)
rPois  .         Spirit   .     (no helmet)
rElec  .         Dismiss  .     (no cloak)
rCorr  .         Reflect  .     (no gloves)
SustAt .         Harm     .     (no boots)
MR     .....                    (no amulet)
Stlth  ++........               (no ring)
                                (no ring)

@: slowed, very slow, not resistant to hostile enchantments, unstealthy
A: no striking features
a: no special abilities


You were on level 3 of the Dungeon.
You were not hungry.

You visited 1 branch of the dungeon, and saw 3 of its levels.

You collected 62 gold pieces.

Inventory:

Armour
 a - a +0 robe (worn)
Jewellery
 e - a cursed ring of teleportation
Potions
 d - 3 potions of heal wounds {unknown}
 f - a potion of invisibility {unknown}
Books
 b - a book of Conjurations

   Spells                             Type                      Level
   a - Magic Dart                     Conjuration                  1
   b - Searing Ray                    Conjuration                  2
   c - Dazzling Spray                 Conjuration/Hexes            3
   d - Fulminant Prism                Conjuration/Hexes            4
   e - Iskenderun's Mystic Blast      Conjuration                  4
   f - Iskenderun's Battlesphere      Conjuration/Charms           5
Comestibles
 c - a beef jerky
 g - 2 fruits
 h - a bread ration


   Skills:
 + Level 3.1 Dodging
 + Level 2.8 Stealth
 + Level 4.2 Spellcasting
 + Level 5.3 Conjurations


You had 10 spell levels left.
You knew the following spells:

 Your Spells              Type           Power        Failure   Level  Hunger
a - Magic Dart            Conj           ####         1%          1    None


Dungeon Overview and Level Annotations

Branches:
Dungeon (3/15)

Altars:
Okawaru
Zin
The Shining One

Annotations:
D:3 Natasha


Message History

Natasha casts a spell at you.
You feel yourself slow down.
Casting: Magic Dart
Confirm with . or Enter, or press ? or * to list all spells.
Aiming: Magic Dart
Press: ? - help, Shift-Dir - straight line, f/p - Natasha
Aim: Natasha (severely wounded)
The magic dart hits Natasha.
Natasha is almost dead.
Natasha mumbles some strange words.
The crimson imp blinks!
Casting: Magic Dart
Confirm with . or Enter, or press ? or * to list all spells.
Aiming: Magic Dart
Press: ? - help, Shift-Dir - straight line, f/p - Natasha
Aim: Natasha (almost dead)
The magic dart hits Natasha.
Natasha is almost dead.
Natasha claws you!
You die...

###########.# #..@h.§5..5.#
#.#########.# #......[..#
######################.####
......................†...#
######################.##.#
#†# # #.# ...


You could see Natasha, a crimson imp and a white imp.

Vanquished Creatures
  Terence (D:2)
  An adder (D:3)
  An ooze (D:1)
  2 dart slugs
  3 giant geckos
  An orc (D:3)
  2 ball pythons
  3 giant cockroaches
  3 goblins (D:2)
  2 hobgoblins
  6 jackals (D:1)
  3 bats
  2 giant newts
  6 kobolds
  A rat (D:2)
37 creatures vanquished.

Notes
Turn   | Place    | Note
--------------------------------------------------------------
     0 | D:1      | Nahar the Deep Elf Conjurer began the quest for the Orb.
     0 | D:1      | Reached XP level 1. HP: 10/10 MP: 6/6
   220 | D:1      | Reached XP level 2. HP: 9/15 MP: 1/8
   342 | D:1      | Reached skill level 5 in Conjurations
   640 | D:1      | Reached XP level 3. HP: 19/19 MP: 3/10
   986 | D:2      | Found a glowing silver altar of Zin.
   986 | D:2      | Found a glowing golden altar of the Shining One.
  1024 | D:2      | Noticed Terence
  1035 | D:2      | Killed Terence
  1284 | D:2      | Found an iron altar of Okawaru.
  1405 | D:2      | Reached XP level 4. HP: 24/24 MP: 9/12
  1452 | D:2      | You fall through a shaft!
  1650 | D:3      | Noticed Natasha
  1656 | D:3      | HP: 1/24 [Natasha (9)]
  1661 | D:3      | Mangled by Natasha

Skill      XL: |  1  2  3  4 |
---------------+-------------+-----
Conjurations   | 5 |  5.3
Spellcasting   | 4 |  4.2
Dodging        | 3 |  3.1
Stealth        | |  2.8

Action                   |  1- 3 |  4- 6 || total
-------------------------+-------+-------++-------
Melee: Unarmed           |    19 |       ||    19
 Cast: Magic Dart        |    74 |    15 ||    89
  Use: Scroll            |     7 |       ||     7
       Potion            |     1 |       ||     1
  Eat: Bread ration      |     1 |       ||     1
Armor: Robe              |    15 |       ||    15
Dodge: Dodged            |    52 |     2 ||    54
